 Dungeon Crawl Stone Soup version 0.28.0-45-g0d030f2227 (webtiles) character file.

Game seed: 16088884201443421367

135 RascalDebosk the Skirmisher (level 4, -5/37 HPs)
             Began as a Palentonga Fighter on Apr 16, 2022.
             Killed by divine providence
             ... invoked by an orc priest
              (15 damage)
             ... on level 3 of the Dungeon.
             The game lasted 00:09:10 (2985 turns).

RascalDebosk the Skirmisher (Palentonga Fighter)    Turns: 2985, Time: 00:09:11

Health: -5/37      AC: 11    Str: 21    XL:     4   Next: 97%
Magic:  4/4        EV:  7    Int:  8    God:
Gold:   91         SH:  4    Dex: 10    Spells: 3/3 levels left

rFire   . . .      SeeInvis +   a - +0 war axe
rCold   . . .      Faith    .   c - +0 buckler
rNeg    . . .      Spirit   .   b - +0 scale mail
rPois   .          Reflect  .   (no helmet)
rElec   .          Harm     .   o - +0 cloak
rCorr   .          Rampage  .   h - +2 pair of gloves
Will    .....                   (no barding)
Stlth   ..........              (no amulet)
HPRegen 0.12/turn               (no ring)
MPRegen 0.09/turn               (no ring)

@: very slow
A: large, rugged brown scales 3, see invisible, deformed body, roll 1, armoured
tail
a: Rolling Charge


You were on level 3 of the Dungeon.
You visited 1 branch of the dungeon, and saw 3 of its levels.

You collected 91 gold pieces.

Inventory:

Hand Weapons
 a - a +0 war axe (weapon)
 n - a +4 quarterstaff of chaos
Armour
 b - a +0 scale mail (worn)
 c - a +0 buckler (worn)
 h - a +2 pair of gloves (worn)
 o - a +0 cloak (worn)
Jewellery
 k - a ring of wizardry
 l - a ring of magical power
 m - a ring of ice
 p - a ring of protection from cold
Scrolls
 f - a scroll of fear {unknown}
 g - 2 scrolls of identify {unknown}
Potions
 d - a potion of might
 e - a potion of berserk rage {unknown}
 i - a potion of brilliance {unknown}
 j - a potion of haste {unknown}


   Skills:
 + Level 3.5 Fighting
 + Level 2.7 Axes
 + Level 1.2 Throwing
 + Level 2.9 Armour
 + Level 2.9 Shields
 + Level 1.2 Evocations


You had 3 spell levels left.
You didn't know any spells.
Your spell library was empty.

Dungeon Overview and Level Annotations

Branches:
Dungeon (3/15)

Altars:

Shops:
D:1 :

Portals:
Sewer: D:3


Innate Abilities, Weirdness & Mutations

You are completely covered in rugged brown scales. (AC +3, +7% HP)
You have supernaturally acute eyesight. (SInv)
Armour fits poorly on your strangely shaped body.
You can roll at nearby foes to attack.
You have a long armoured tail.


Message History

An orc comes into view.
It is wielding a +0 dagger and wearing a +2 ring mail of cold resistance.
You block the adder's attack.
The orc shouts!
You slash the adder!
You kill the adder!
You closely miss the orc priest.
The orc priest mumbles some strange prayers to Beogh against you.
You barely resist. You block the orc priest's attack.
The orc priest calls down the wrath of Beogh upon you.
Beogh smites you!
* * * LOW HITPOINT WARNING * * *
You hear an angry hiss.
You see here an adder corpse.
You slash the endoplasm!
You kill the endoplasm!
You slash the orc priest!
The orc priest is severely wounded.
The orc priest closely misses you.
You slash the orc priest!
You kill the orc priest!
You hear a splash.
You hit the dart slug.
The dart slug is lightly wounded.
The dart slug launches a dart at you.
The slug dart hits you but does no damage.
You slash the dart slug!
The dart slug is almost dead.
An orc priest comes into view. It is wielding a +0 war axe.
You slash the dart slug!
You kill the dart slug!
You hit the endoplasm.
The endoplasm is severely wounded.
The endoplasm hits you.
* * * LOW HITPOINT WARNING * * *
The endoplasm hits you but does no damage.
You hit the endoplasm.
The endoplasm is almost dead.
The orc priest invokes the aid of Beogh against you.
Beogh smites you!
You die...

#≈# #∩# #≈# ... .#
#≈# #.##.# #≈#
#.#J. #≈# #..#
#≈###.# #@#...##
##J#.#..###...
#####.oo..).....#
..................
####..............
####........o.....
.......<..........
######...##.......
##### #......


You could see an orc priest, an orc and an endoplasm.

Vanquished Creatures
  Crazy Yiuf (D:2)
  An orc priest (D:3)
  An adder (D:3)
  3 worms (D:2)
  5 dart slugs
  4 ball pythons
  4 bats
  5 endoplasms
  6 giant cockroaches
  4 goblins (D:1)
  3 jackals (D:1)
  4 kobolds
  2 quokkas (D:1)
  4 rats
47 creatures vanquished.

Vanquished Creatures (others)
  A rat (D:2)
1 creature vanquished.

Grand Total: 48 creatures vanquished

Notes
Turn   | Place    | Note
-------+----------+-------------------------------------------
     0 | D:1      | RascalDebosk the Palentonga Fighter began the quest for the
                  | Orb.
     0 | D:1      | Reached XP level 1. HP: 19/19 MP: 1/1
   193 | D:1      | Reached XP level 2. HP: 24/25 MP: 2/2
   279 | D:1      | Found Fefink's Book Emporium.
   583 | D:1      | Reached XP level 3. HP: 30/31 MP: 3/3
  1514 | D:1      | Found Fefink's Book Emporium.
  2637 | D:2      | Found a runed translucent door.
  2638 | D:2      | Noticed Crazy Yiuf
  2645 | D:2      | Killed Crazy Yiuf
  2646 | D:2      | Reached skill level 1 in Throwing
  2646 | D:2      | Reached skill level 1 in Evocations
  2646 | D:2      | Reached XP level 4. HP: 37/37 MP: 4/4
  2972 | D:3      | Found a glowing drain.
  2985 | D:3      | Killed from afar by an orc priest

Illustrated notes

Levels and vault maps discovered:
D:1:      amcnicky_arrival_wind_blow, layout_loops_corners, serial_shops,
          nicolae_shop_crystal, minmay_splitting_lines
D:2:      layout_basic, uniq_crazy_yiuf_cottage
D:3:      gammafunk_wand_slinger, layout_rooms, nicolae_ecumenical_pavilion,
          portal_sewer_entry_d, corexii_hall_statues_x, minmay_ruptured

Skill      XL: |  1  2  3 |
---------------+----------+-----
Throwing       | 1 |  1.2
Evocations     | 1 |  1.2
Fighting       | |  3.5
Axes           | |  2.7
Armour         | |  2.9
Shields        | |  2.9

Action                   |  1- 3 |  4- 6 || total
-------------------------+-------+-------++-------
Melee: War axe           |   101 |    17 ||   118
       Tailslap          |     8 |       ||     8
 Abil: Rolling Charge    |     3 |       ||     3
Armor: Scale mail        |    66 |     7 ||    73
Dodge: Dodged            |    33 |     5 ||    38
Block: Buckler           |    22 |     3 ||    25
